Unix xNetHack Version 7.1.0 - last build Jul 4 2022 02:09:00 (ec8469f2eb63cac24863ec985b09651f3a72bf9f). Game began 2022-07-07 15:14:17, ended 2022-07-07 15:21:15. nmlkj, chaotic male human Wizard ------------- ---- |..k....@...| -------- ----- |..$. -...........| |.......####|%..| | |...........| |......| #.....# +....>......| #.......| |...|# -----------|- #-------- |...|# ####### ## -----# # ## # #### ## # # # # # -----# ## -|------------- |...|# ## |.............| |...|# #------ |.............| |...|# #.....| |..............## |...|# |<...| --------------- ######-....# |....| |...| |....| ----- ------ Nmlkj the Conjurer St:9 Dx:16 Co:13 In:18 Wi:9 Ch:10 Chaotic S:317 Dlvl:3 $:45 HP:0(24) Pw:26(26) AC:9 Xp:3/43 T:594 Satiated Latest messages: You are hit by a dart. The door resists! The door resists! The door resists! In what direction? h Whammm!! Thwack!! Whammm!! Whammm!! You kick the door. The door crashes open! In what direction? h The spell misses the jackal. The kitten misses the jackal. The jackal bites! The kitten misses the jackal. You kill the jackal! The kitten eats a jackal corpse. You see here a food ration. There is a food ration here; eat it? [ynq] (n) y This satiates your stomach! You finish eating the food ration. $ - 7 gold pieces {0}. $ - 13 gold pieces {0}. The door opens. The door resists! The door resists! The door opens. The bat bites! You kill the bat! There is an open door here. You see here a bat corpse. There is a bat corpse here; eat it? [ynq] (n) y This bat corpse tastes okay. You finish eating the bat corpse. The kitten yowls! You kill the poor kitten! You hear the rumble of distant thunder... You hear a door open. You feel a bit steadier now. You kill the green mold! Welcome to experience level 3. $ - 4 gold pieces {0}. You see a door open. You see here a food ration. There is a food ration here; eat it? [ynq] (n) y You're having a hard time getting all of it down. Continue eating? [yn] (n) y You choke over your food. You die... Major events: Turn 1: nmlkj the chaotic male human Wizard entered the dungeon 576: attained the rank of Conjurer (level 3) 594: choked on a food ration Inventory: Inventory: 240/600 weight (9/52 slots) Coins $ - 45 gold pieces {1} Weapons i - 2 +0 darts {2} j - a cursed +0 spear {30} a - a blessed +1 quarterstaff (weapon in hands) {40} Armor b - an uncursed +0 cloak of magic resistance (being worn) {8} Scrolls g - an uncursed scroll of earth {5} Spellbooks c - a blessed spellbook of force bolt {35} f - an uncursed spellbook of haste self {45} d - a blessed spellbook of magic missile {40} e - an uncursed spellbook of slow monster {35} Nmlkj the Wizard's attributes: Background: You were a Conjurer, a level 3 male human Wizard. You were chaotic, on a mission for Anhur who was opposed by Ptah (lawful) and Thoth (neutral). You were heterosexual. You were in the Dungeons of Doom, on level 3. You entered the dungeon 594 turns ago. You had 43 experience points, 37 more were needed to attain level 4. Your score was 317 before end-of-game adjustments. Basics: You had 0 out of 24 hit points. You had all 26 energy points (spell power). Your armor class was 9. Your wallet contained 45 zorkmids. Autopickup was on for '$"?+!=/' plus thrown. Final Characteristics: Your strength was 9 (limit:18/100). Your dexterity was 16 (limit:18). Your constitution was 13 (limit:18). Your intelligence was 18 (limit:18). Your wisdom was 9 (limit:18). Your charisma was 10 (limit:18). Final Status: You were satiated. You were unencumbered. You were wielding a quarterstaff. You had basic skill with quarterstaff. Final Attributes: You were haltingly aligned. You were magic-protected. You were warded. You were unlucky. You are dead. Miscellaneous: You never encountered a bones level. Total elapsed playing time was 6 minutes and 58 seconds. Vanquished creatures: a kitten a large kobold a green mold 4 jackals a fox a kobold a goblin a sewer rat a grid bug a bat 6 newts 19 creatures vanquished. No species were genocided or became extinct. Voluntary challenges: You were an atheist. You were illiterate. You never genocided any monsters. You never polymorphed an object. You never changed form. You never touched an artifact. You used no wishes. You never scared an enemy with impunity. You were celibate. You never generated conflict. Achievement: You attained the rank of Conjurer. The Dungeons of Doom: levels 1 to 3 Level 1: Some fountains. Level 2: Level 3: <- You were here. Final resting place for you, choked on a food ration. Game over: __________ / \ / REST \ / IN \ / PEACE \ / \ | nmlkj | | 45 Au | | choked on a food | | ration | | | | | | 2022 | *| * * * | * _________)/\\_//(\/(/\)/\//\/|_)_______ Goodbye nmlkj the Wizard... You choked in The Dungeons of Doom on dungeon level 3 with 313 points, and 45 pieces of gold, after 594 moves. You were level 3 with a maximum of 24 hit points when you choked.